[Event "Rated Blitz game"]
[Site "?"]
[Date "2021.08.09"]
[Round "?"]
[White "Xanax_2mg"]
[Black "Eliasib"]
[Result "1-0"]
[ECO "C42"]
[WhiteElo "2424"]
[BlackElo "2362"]
[PlyCount "141"]
[EventDate "2021.??.??"]
[EventType "blitz"]
[TimeControl "180"]

1. e4 e5 2. Nf3 Nf6 3. Nxe5 d6 4. Nxf7 Kxf7 5. Bc4+ d5 6. exd5 Bd6 7. d4 Re8+
8. Be3 Ng4 9. Qf3+ Kg8 10. Nd2 Nxe3 11. fxe3 Qh4+ 12. g3 Bxg3+ 13. Ke2 Bd6 14.
Rag1 Nd7 15. Bd3 Nf8 16. Kd1 Qe7 17. e4 Qf7 18. Qg2 Bf4 19. Rf1 Qh5+ 20. Kc1
Ng6 21. Kb1 Bxd2 22. Qxd2 Bh3 23. Rf2 Rf8 24. e5 Rxf2 25. Qxf2 Rf8 26. Qd2 Bf5
27. Bc4 Qf3 28. Re1 Bc8 29. d6+ Kh8 30. dxc7 Qc6 31. Bb3 Qxc7 32. e6 Qe7 33.
Qe3 Rd8 34. d5 Rd6 35. Qf3 Kg8 36. Rf1 Qf6 37. Qxf6 gxf6 38. Rxf6 Ne5 39. Rf5
Bxe6 40. Rg5+ Ng6 41. c4 Bf7 42. Bc2 Rd8 43. Rg1 Kf8 44. b4 Kg7 45. Kb2 b6 46.
Kc3 a5 47. a3 axb4+ 48. axb4 Re8 49. Kd4 Re2 50. Bd3 Rxh2 51. c5 Rh4+ 52. Kc3
bxc5 53. bxc5 Rh5 54. d6 Rxc5+ 55. Kb4 Rd5 56. Bxg6 hxg6 57. Re1 Rxd6 58. Rg1
Kf6 59. Rf1+ Ke7 60. Rg1 Kd7 61. Re1 Kc6 62. Rc1+ Kd7 63. Re1 Be6 64. Rg1 Rd5
65. Rxg6 Rd4+ 66. Kc5 Rd5+ 67. Kb4 Rg5 68. Rxg5 Bf5 69. Rg7+ Ke6 70. Rg5 Kd5
71. Rg2 {Time forfeit} 1-0

[Event "Rated Rapid game"]
[Site "?"]
[Date "2021.08.08"]
[Round "?"]
[White "JosueChess-Youtube"]
[Black "Simi64"]
[Result "1-0"]
[ECO "C42"]
[WhiteElo "2588"]
[BlackElo "2395"]
[PlyCount "87"]
[EventDate "2021.??.??"]
[EventType "rapid"]
[TimeControl "600"]

1. e4 e5 2. Nf3 Nf6 3. Nxe5 d6 4. Nxf7 Kxf7 5. d4 c6 6. Nc3 Be7 7. Bd3 Bg4 8.
f3 Bh5 9. h4 h6 10. g4 Bg6 11. Be3 Rf8 12. h5 Bh7 13. e5 dxe5 14. dxe5 Bxd3 15.
exf6 Bxf6 16. Qxd3 Qxd3 17. cxd3 Re8 18. Ne4 Nd7 19. Nd6+ Kf8 20. Nxe8 Rxe8 21.
Kf2 Ne5 22. Rhd1 b6 23. b4 Nxd3+ 24. Rxd3 Bxa1 25. f4 Ke7 26. Kf3 Rc8 27. Ke4
c5 28. bxc5 bxc5 29. Ra3 c4 30. Rxa7+ Kf8 31. Bc1 Re8+ 32. Kd5 c3 33. g5 Rd8+
34. Ke6 Bb2 35. Bxb2 cxb2 36. Rb7 hxg5 37. fxg5 Re8+ 38. Kf5 Re2 39. Kg6 Re6+
40. Kh7 g6 41. Rb8+ Re8 42. Rxb2 gxh5 43. Rb7 h4 44. g6 {Time forfeit} 1-0

[Event "Rated Blitz game"]
[Site "?"]
[Date "2021.08.07"]
[Round "?"]
[White "Misi_95"]
[Black "Fantastic_power06"]
[Result "1-0"]
[ECO "C42"]
[WhiteElo "2710"]
[BlackElo "2698"]
[PlyCount "39"]
[EventDate "2021.??.??"]
[EventType "blitz"]
[TimeControl "180"]

1. e4 e5 2. Nf3 Nf6 3. Nxe5 d6 4. Nxf7 Kxf7 5. d4 c5 6. Nc3 Be6 7. d5 Bg4 8. f3
Bh5 9. g4 Bg6 10. h4 h5 11. g5 Nfd7 12. f4 Be7 13. f5 Ne5 14. fxg6+ Kxg6 15.
Bh3 Nbd7 16. O-O Ng4 17. Bxg4 hxg4 18. Qxg4 Ne5 19. Qf5+ Kh5 20. g6+ {Normal}
1-0

[Event "Rated Blitz game"]
[Site "?"]
[Date "2021.08.07"]
[Round "?"]
[White "Bizzo"]
[Black "LucMerguez"]
[Result "1-0"]
[ECO "C42"]
[WhiteElo "2451"]
[BlackElo "2411"]
[PlyCount "71"]
[EventDate "2021.??.??"]
[EventType "blitz"]
[TimeControl "180+2"]

1. e4 e5 2. Nf3 Nf6 3. Nxe5 d6 4. Nxf7 Kxf7 5. Nc3 c5 6. Bc4+ Be6 7. Bxe6+ Kxe6
8. O-O Kf7 9. d3 Nc6 10. f4 Qd7 11. Kh1 Be7 12. f5 h5 13. Bf4 Ne5 14. Qd2 b5
15. Rae1 b4 16. Nd1 Qb5 17. Nf2 a5 18. Nh3 Nfg4 19. Bg5 Bf6 20. Bxf6 gxf6 21.
Nf4 Nc6 22. Nd5 Qb7 23. h3 Nge5 24. Re3 Rag8 25. Qe1 Ne7 26. Nf4 d5 27. exd5
Nxd5 28. Rxe5 Nxf4 29. Re4 Nd5 30. Qe2 h4 31. Re1 Rd8 32. Re6 Rd7 33. Qe4 Nb6
34. Qg4 Rg8 35. Qh5+ Kg7 36. Qg6+ {Time forfeit} 1-0

[Event "Rated Blitz game"]
[Site "?"]
[Date "2021.08.06"]
[Round "?"]
[White "k-zudi"]
[Black "d-pawn"]
[Result "1/2-1/2"]
[ECO "C42"]
[WhiteElo "2310"]
[BlackElo "2491"]
[PlyCount "122"]
[EventDate "2021.??.??"]
[EventType "blitz"]
[TimeControl "180"]

1. e4 e5 2. Nf3 Nf6 3. Nxe5 d6 4. Nxf7 Kxf7 5. d4 c5 6. dxc5 Nc6 7. Bc4+ Be6 8.
Bxe6+ Kxe6 9. O-O dxc5 10. Nd2 Bd6 11. f4 Kf7 12. e5 Nxe5 13. fxe5 Bxe5 14.
Qh5+ Ke6 15. Qxe5+ Kxe5 16. Nf3+ Kd5 17. Rd1+ Kc6 18. Rxd8 Raxd8 19. Ne5+ Kb5
20. Bf4 Rhe8 21. a4+ Ka6 22. g3 h6 23. Nc4 Rd4 24. Nd6 Re2 25. c3 Rd5 26. Nc4
g5 27. Bb8 Re8 28. Rf1 Re6 29. Be5 Nd7 30. Bg7 b5 31. axb5+ Kxb5 32. Na3+ Ka4
33. Nc4 Kb3 34. Na5+ Kc2 35. b4 cxb4 36. cxb4 Rd1 37. Rxd1 Kxd1 38. Kf2 h5 39.
Nc4 Re2+ 40. Kf3 Rxh2 41. Ne3+ Kc1 42. Ke4 h4 43. gxh4 gxh4 44. Kf3 h3 45. Kg3
Rh1 46. Kf3 h2 47. Kg2 Re1 48. Kxh2 Re2+ 49. Kg1 Nb6 50. Bd4 Na4 51. Bxa7 Kb2
52. b5 Kb3 53. b6 Nxb6 54. Bxb6 Rh2 55. Kxh2 Kc3 56. Bd8 Kd3 57. Nf5 Ke4 58.
Ng7 Ke5 59. Ne8 Ke6 60. Nc7+ Kd7 61. Nb5 Kxd8 {Normal} 1/2-1/2

[Event "Rated Blitz game"]
[Site "?"]
[Date "2021.08.06"]
[Round "?"]
[White "LearnerDima"]
[Black "Oleggelo17"]
[Result "1-0"]
[ECO "C42"]
[WhiteElo "2300"]
[BlackElo "2441"]
[PlyCount "25"]
[EventDate "2021.??.??"]
[EventType "blitz"]
[TimeControl "180+2"]

1. e4 e5 2. Nf3 Nf6 3. Nxe5 d6 4. Nxf7 Kxf7 5. d4 c5 6. dxc5 Nc6 7. Bc4+ Be6 8.
Bxe6+ Kxe6 9. O-O dxc5 10. Qe2 Ne5 11. Nc3 Be7 12. f4 Neg4 13. Qc4+ {Normal}
1-0

[Event "Rated Blitz game"]
[Site "?"]
[Date "2021.08.06"]
[Round "?"]
[White "RatzFatzWeg"]
[Black "TacticalMaster"]
[Result "0-1"]
[ECO "C42"]
[WhiteElo "2446"]
[BlackElo "2549"]
[PlyCount "28"]
[EventDate "2021.??.??"]
[EventType "blitz"]
[TimeControl "180+2"]

1. e4 e5 2. Nf3 Nf6 3. Nxe5 d6 4. Nxf7 Kxf7 5. Nc3 d5 6. e5 Ne4 7. Qf3+ Kg8 8.
Nxe4 Nc6 9. Nc3 Nd4 10. Qd1 Bf5 11. d3 Bc5 12. Be2 Qh4 13. O-O c6 14. Qe1 Nxc2
{Normal} 0-1

[Event "Rated Blitz game"]
[Site "?"]
[Date "2021.08.05"]
[Round "?"]
[White "RatzFatzWeg"]
[Black "Chrobry1"]
[Result "0-1"]
[ECO "C42"]
[WhiteElo "2420"]
[BlackElo "2445"]
[PlyCount "80"]
[EventDate "2021.??.??"]
[EventType "blitz"]
[TimeControl "180+2"]

1. e4 e5 2. Nf3 Nf6 3. Nxe5 d6 4. Nxf7 Kxf7 5. Nc3 Be6 6. d4 Be7 7. Qf3 Rf8 8.
Bd3 Kg8 9. Qg3 Nh5 10. Qe3 Nf4 11. Bf1 d5 12. g3 Ng6 13. Bg2 Bb4 14. Bd2 Bxc3
15. Bxc3 dxe4 16. Qxe4 Re8 17. O-O-O c6 18. Rhe1 Nd7 19. Qd3 Bd5 20. Bh3 Rxe1
21. Rxe1 Ndf8 22. b3 Qg5+ 23. f4 Qh5 24. Bf5 Qxh2 25. Bb4 Qg2 26. Kb2 Qf3 27.
Re3 Qh5 28. Bd6 b5 29. g4 Qh4 30. Rh3 Qf6 31. Be5 Qf7 32. Qg3 Nxe5 33. dxe5 g6
34. Bd3 a5 35. f5 a4 36. Rh2 axb3 37. cxb3 Qe7 38. Bb1 Qa3+ 39. Kc2 Be4+ 40.
Kc3 Bxb1 {Normal} 0-1

[Event "Rated Blitz game"]
[Site "?"]
[Date "2021.08.05"]
[Round "?"]
[White "smilingbeauty"]
[Black "Colmen"]
[Result "0-1"]
[ECO "C42"]
[WhiteElo "2453"]
[BlackElo "2440"]
[PlyCount "64"]
[EventDate "2021.??.??"]
[EventType "blitz"]
[TimeControl "180"]

1. e4 e5 2. Nf3 Nf6 3. Nxe5 d6 4. Nxf7 Kxf7 5. Bc4+ d5 6. exd5 Bd6 7. O-O Re8
8. d4 Kg8 9. h3 Bf5 10. Nc3 Nbd7 11. Bb3 Nb6 12. Qf3 Bg6 13. Bg5 Rf8 14. Rfe1
Qd7 15. Bxf6 Rxf6 16. Qg4 Qxg4 17. hxg4 Rf4 18. f3 Rxd4 19. Ne2 Rd2 20. c4 Rxb2
21. Rac1 Bc5+ 22. Kf1 Bd3 23. Rcd1 Bxe2+ 24. Rxe2 Rxe2 25. Kxe2 Re8+ 26. Kd2 a5
27. Kd3 Re3+ 28. Kd2 a4 29. Bc2 Nxc4+ 30. Kc1 Ba3+ 31. Kb1 b5 32. Rh1 h6 {
Normal} 0-1

[Event "Rated Blitz tournament CbV7mmWf"]
[Site "?"]
[Date "2021.08.05"]
[Round "?"]
[White "HpRmDrNsT"]
[Black "al41ex"]
[Result "0-1"]
[ECO "C42"]
[WhiteElo "2308"]
[BlackElo "2530"]
[PlyCount "72"]
[EventDate "2021.??.??"]
[EventType "blitz"]
[TimeControl "180+2"]

1. e4 e5 2. Nf3 Nf6 3. Nxe5 d6 4. Nxf7 Kxf7 5. d4 c5 6. dxc5 Nc6 7. Nc3 Be6 8.
cxd6 Bxd6 9. Bd3 Rf8 10. h3 Kg8 11. O-O Ne5 12. Be2 Bc5 13. Bf4 Qxd1 14. Raxd1
Ng6 15. Bh2 Rad8 16. Bd3 Bd4 17. Kh1 Bxc3 18. bxc3 a6 19. Rb1 b5 20. a4 bxa4
21. Ra1 Bd7 22. f4 Rfe8 23. f5 Ne5 24. Rfb1 Bb5 25. Bxb5 axb5 26. Rxb5 Nc4 27.
Rc5 Rxe4 28. Bc7 Rd5 29. Rc6 Rxf5 30. Rxa4 Re1+ 31. Kh2 Ne3 32. Ra8+ Kf7 33.
Bb6 Nf1+ 34. Kg1 h5 35. Bd4 h4 36. Ra7+ Kg6 {Normal} 0-1

[Event "Rated Blitz game"]
[Site "?"]
[Date "2021.08.05"]
[Round "?"]
[White "wallie666"]
[Black "Colmen"]
[Result "1-0"]
[ECO "C42"]
[WhiteElo "2473"]
[BlackElo "2497"]
[PlyCount "39"]
[EventDate "2021.??.??"]
[EventType "blitz"]
[TimeControl "180"]

1. e4 e5 2. Nf3 Nf6 3. Nxe5 d6 4. Nxf7 Kxf7 5. d4 Be6 6. Nc3 c6 7. f4 Bg4 8.
Qd3 Be7 9. h3 Bd7 10. Bd2 Re8 11. O-O-O Kg8 12. g4 d5 13. e5 Ne4 14. Nxe4 dxe4
15. Qxe4 Be6 16. Bd3 g6 17. Qe2 Bxa2 18. f5 Bg5 19. Bc4+ Kh8 20. Bxa2 {Normal}
1-0

[Event "Rated Blitz game"]
[Site "?"]
[Date "2021.08.05"]
[Round "?"]
[White "Udar59"]
[Black "pulchrum-oculis"]
[Result "1-0"]
[ECO "C42"]
[WhiteElo "2407"]
[BlackElo "2382"]
[PlyCount "47"]
[EventDate "2021.??.??"]
[EventType "blitz"]
[TimeControl "180"]

1. e4 e5 2. Nf3 Nf6 3. Nxe5 d6 4. Nxf7 Kxf7 5. d4 c5 6. Bc4+ d5 7. exd5 cxd4 8.
Qxd4 Bd6 9. O-O Re8 10. Bd3 Kg8 11. c4 b6 12. Nc3 a6 13. Bg5 Nbd7 14. Rae1 Rxe1
15. Rxe1 Bb7 16. Re6 Bc5 17. Qh4 h6 18. Ne4 hxg5 19. Nxg5 b5 20. Bh7+ Kf8 21.
Bg6 Kg8 22. Bf7+ Kf8 23. Qh8+ Ng8 24. Qxg8# {Normal} 1-0

[Event "Rated Blitz game"]
[Site "?"]
[Date "2021.08.04"]
[Round "?"]
[White "dalgen"]
[Black "Aliniyazzzz"]
[Result "0-1"]
[ECO "C42"]
[WhiteElo "2321"]
[BlackElo "2437"]
[PlyCount "126"]
[EventDate "2021.??.??"]
[EventType "blitz"]
[TimeControl "180"]

1. e4 e5 2. Nf3 Nf6 3. Nxe5 d6 4. Nxf7 Kxf7 5. d4 g6 6. Bc4+ Kg7 7. Nc3 Be7 8.
O-O Nc6 9. f4 Rf8 10. e5 dxe5 11. fxe5 Ng4 12. Rxf8 Bxf8 13. h3 Qxd4+ 14. Qxd4
Nxd4 15. hxg4 Nxc2 16. Rb1 Bxg4 17. Bg5 Bc5+ 18. Kh2 h6 19. Bf6+ Kh7 20. Bd5 c6
21. Bf3 Bf5 22. Rd1 Nd4 23. Na4 Nxf3+ 24. gxf3 Be3 25. Kg3 g5 26. Nc3 Re8 27.
Ne4 Bf4+ 28. Kf2 Bxe5 29. Bxe5 Rxe5 30. Ke3 Bxe4 31. fxe4 Re7 32. Rd6 h5 33.
Kf3 Kg7 34. a4 a5 35. b3 Kf7 36. Rh6 g4+ 37. Kf4 g3 38. Rh7+ Kf6 39. Rxh5 Rg7
40. Rf5+ Ke6 41. Re5+ Kf6 42. Rf5+ Ke6 43. Re5+ Kd6 44. Rg5 Rxg5 45. Kxg5 g2
46. Kf6 g1=Q 47. e5+ Kd7 48. Kf7 Qf1+ 49. Kg6 Ke6 50. Kg5 Kxe5 51. Kg4 Kd4 52.
b4 Kc3 53. bxa5 Kb4 54. a6 bxa6 55. Kg5 Ka5 56. Kg6 Kxa4 57. Kg5 Kb5 58. Kg6 c5
59. Kg7 c4 60. Kg8 c3 61. Kg7 c2 62. Kg8 c1=Q 63. Kg7 Qe3 {Time forfeit} 0-1

[Event "Rated Rapid game"]
[Site "?"]
[Date "2021.08.04"]
[Round "?"]
[White "khaledbenalyemen"]
[Black "Radek_S"]
[Result "1-0"]
[ECO "C42"]
[WhiteElo "2474"]
[BlackElo "2599"]
[PlyCount "113"]
[EventDate "2021.??.??"]
[EventType "rapid"]
[TimeControl "600"]

1. e4 e5 2. Nf3 Nf6 3. Nxe5 d6 4. Nxf7 Kxf7 5. d4 c5 6. Bc4+ d5 7. exd5 b5 8.
Be2 Bb7 9. Nc3 b4 10. d6 bxc3 11. Bc4+ Bd5 12. Bxd5+ Nxd5 13. Qh5+ Ke6 14. Qe5+
Kd7 15. Qxd5 Nc6 16. Qf5+ Ke8 17. Qe6+ Be7 18. dxe7 Qxe7 19. Qxe7+ Kxe7 20.
bxc3 cxd4 21. Bg5+ Kf7 22. O-O-O dxc3 23. Rd7+ Kg6 24. Be3 Ne5 25. Rd6+ Kf5 26.
Rhd1 Rab8 27. R1d5 g5 28. Bd4 Rhe8 29. Bxc3 Rbc8 30. Bxe5 Rxe5 31. Rxe5+ Kxe5
32. Rd7 h6 33. Rxa7 Rf8 34. f3 Kf4 35. Re7 Ra8 36. Kb2 Rb8+ 37. Kc1 Ra8 38.
Re4+ Kf5 39. a4 h5 40. h3 h4 41. Kb2 Rd8 42. Re2 Kf4 43. Kb3 Rb8+ 44. Ka3 Ra8
45. c4 Rc8 46. Re4+ Kg3 47. Rg4+ Kf2 48. a5 Ke3 49. Ka4 Ra8 50. c5 Rc8 51. Rxg5
Kd4 52. a6 Rb8 53. Ka5 Rb1 54. a7 Ra1+ 55. Kb6 Ke3 56. Rg6 Kf4 57. Kb7 {Normal}
1-0

[Event "Rated Blitz game"]
[Site "?"]
[Date "2021.08.04"]
[Round "?"]
[White "Schach_du_Nase"]
[Black "DoctorCaligari"]
[Result "1-0"]
[ECO "C42"]
[WhiteElo "2477"]
[BlackElo "2450"]
[PlyCount "37"]
[EventDate "2021.??.??"]
[EventType "blitz"]
[TimeControl "180"]

1. e4 e5 2. Nf3 Nf6 3. Nxe5 d6 4. Nxf7 Kxf7 5. d4 c5 6. Nc3 Bg4 7. f3 cxd4 8.
Qxd4 Nc6 9. Bc4+ d5 10. Bxd5+ Be6 11. Bxe6+ Kxe6 12. Qc4+ Ke7 13. Be3 Qa5 14.
O-O-O Ke8 15. Qe6+ Be7 16. Nd5 Nxd5 17. Rxd5 Qxa2 18. Rd8+ Rxd8 19. Qxa2 {
Normal} 1-0

[Event "Rated Blitz game"]
[Site "?"]
[Date "2021.08.04"]
[Round "?"]
[White "talentosochess1"]
[Black "Huljuttelija"]
[Result "0-1"]
[ECO "C42"]
[WhiteElo "2416"]
[BlackElo "2481"]
[PlyCount "60"]
[EventDate "2021.??.??"]
[EventType "blitz"]
[TimeControl "180+2"]

1. e4 e5 2. Nf3 Nf6 3. Nxe5 d6 4. Nxf7 Kxf7 5. Nc3 c5 6. Bc4+ Be6 7. Bxe6+ Kxe6
8. d4 cxd4 9. Qxd4 Kf7 10. O-O Nc6 11. Qc4+ d5 12. exd5 Ne5 13. Qd4 Bd6 14. Bf4
Ng6 15. Bg3 Re8 16. Rfe1 Bxg3 17. hxg3 Qb6 18. Qxb6 axb6 19. a4 Rxe1+ 20. Rxe1
Ne7 21. d6 Nc6 22. b3 Rd8 23. Nb5 Ne8 24. Rd1 Ke6 25. Re1+ Kd7 26. f3 Nxd6 27.
Rd1 Ke7 28. Re1+ Kf7 29. Nc7 Nf5 30. g4 Nfd4 {Time forfeit} 0-1

[Event "Rated Blitz game"]
[Site "?"]
[Date "2021.08.03"]
[Round "?"]
[White "talentosochess1"]
[Black "drawnish007"]
[Result "0-1"]
[ECO "C42"]
[WhiteElo "2410"]
[BlackElo "2409"]
[PlyCount "62"]
[EventDate "2021.??.??"]
[EventType "blitz"]
[TimeControl "180+2"]

1. e4 e5 2. Nf3 Nf6 3. Nxe5 d6 4. Nxf7 Kxf7 5. Nc3 g6 6. Bc4+ Kg7 7. O-O Be7 8.
d3 Nc6 9. f4 Na5 10. Bb3 Nxb3 11. axb3 d5 12. e5 Ng8 13. d4 h5 14. Qf3 c6 15.
h3 Nh6 16. Be3 h4 17. g4 hxg3 18. Qxg3 Nf5 19. Qf3 Nxe3 20. Qxe3 Rxh3 21. Rf3
Rxf3 22. Qxf3 Bf5 23. Kf2 Qb6 24. Ne2 Rh8 25. c3 Rh2+ 26. Kg1 Be4 27. Qxe4 dxe4
28. Kxh2 Qxb3 29. Rxa7 Qxb2 30. Kg3 Qxe2 31. Rxb7 Kf7 {Normal} 0-1

[Event "Rated Blitz game"]
[Site "?"]
[Date "2021.08.03"]
[Round "?"]
[White "Godfroi"]
[Black "Konevoyazher"]
[Result "1-0"]
[ECO "C42"]
[WhiteElo "2429"]
[BlackElo "2286"]
[PlyCount "47"]
[EventDate "2021.??.??"]
[EventType "blitz"]
[TimeControl "180"]

1. e4 e5 2. Nf3 Nf6 3. Nxe5 d6 4. Nxf7 Kxf7 5. d4 c5 6. Nc3 cxd4 7. Qxd4 Nc6 8.
Qe3 Be6 9. f4 d5 10. f5 d4 11. fxe6+ Ke7 12. Qh3 dxc3 13. bxc3 Qa5 14. Bc4 Rc8
15. Rb1 Ne5 16. Rxb7+ Rc7 17. Rxc7+ Qxc7 18. Bb3 Nxe4 19. O-O Qc5+ 20. Be3 Qxc3
21. Bg5+ Ke8 22. Ba4+ Nc6 23. Qxc3 Nxc3 24. Bxc6# {Normal} 1-0

[Event "Rated Blitz game"]
[Site "?"]
[Date "2021.08.02"]
[Round "?"]
[White "gmusya"]
[Black "Prayer791"]
[Result "0-1"]
[ECO "C42"]
[WhiteElo "2567"]
[BlackElo "2570"]
[PlyCount "90"]
[EventDate "2021.??.??"]
[EventType "blitz"]
[TimeControl "180"]

1. e4 e5 2. Nf3 Nf6 3. Nxe5 d6 4. Nxf7 Kxf7 5. d4 Be6 6. Nc3 g6 7. Bg5 h6 8.
Bh4 Be7 9. Bd3 Nh5 10. Bxe7 Qxe7 11. O-O Kg7 12. f4 c5 13. f5 Bf7 14. g4 cxd4
15. gxh5 Qg5+ 16. Kh1 dxc3 17. hxg6 Be8 18. e5 Bc6+ 19. Rf3 dxe5 20. Qe2 Nd7
21. Be4 Bxe4 22. Qxe4 Rad8 23. bxc3 Rhe8 24. f6+ Nxf6 25. Qc4 Re7 26. Raf1 Rd6
27. Qc5 Rde6 28. Rxf6 Qxf6 29. Rxf6 Kxf6 30. Qg1 e4 31. h4 e3 32. h5 e2 33. Qe1
Re5 34. Kg2 Rxh5 35. Kg3 Rg5+ 36. Kh4 Kxg6 37. c4 b6 38. a4 h5 39. c3 Rg4+ 40.
Kh3 Kg5 41. Qc1+ Kf5 42. Qc2+ Rge4 43. Qd3 e1=Q 44. Qd5+ Kf4 45. Qd6+ Ke3 {
Normal} 0-1

[Event "Rated Blitz game"]
[Site "?"]
[Date "2021.08.02"]
[Round "?"]
[White "Grebmerun"]
[Black "Aliniyazzzz"]
[Result "0-1"]
[ECO "C42"]
[WhiteElo "2285"]
[BlackElo "2404"]
[PlyCount "34"]
[EventDate "2021.??.??"]
[EventType "blitz"]
[TimeControl "180"]

1. e4 e5 2. Nf3 Nf6 3. Nxe5 d6 4. Nxf7 Kxf7 5. d4 g6 6. Nc3 Nc6 7. Bg5 Be7 8.
Bc4+ Kg7 9. Qd2 h6 10. Bh4 Nxe4 11. Qf4 Nf6 12. O-O-O Rf8 13. Rhe1 Bd7 14. Qe3
Re8 15. Qf3 g5 16. Bg3 Bg4 17. Rxe7+ Qxe7 {Normal} 0-1

[Event "Rated Blitz game"]
[Site "?"]
[Date "2021.08.01"]
[Round "?"]
[White "Sherlock90"]
[Black "caiosales"]
[Result "1-0"]
[ECO "C42"]
[WhiteElo "2429"]
[BlackElo "2359"]
[PlyCount "51"]
[EventDate "2021.??.??"]
[EventType "blitz"]
[TimeControl "180"]

1. e4 e5 2. Nf3 Nf6 3. Nxe5 d6 4. Nxf7 Kxf7 5. Bc4+ Be6 6. Bxe6+ Kxe6 7. O-O
Kd7 8. d4 Nc6 9. e5 Kc8 10. exf6 Qxf6 11. d5 Ne5 12. f4 Ng6 13. Nc3 b6 14. Ne4
Qf7 15. Ng5 Qf6 16. Qd3 Kb7 17. Qc4 Rc8 18. Qc6+ Kb8 19. Be3 Ne7 20. Qc4 Nf5
21. Bf2 Be7 22. a4 h6 23. Ne6 g5 24. a5 gxf4 25. Qc6 Nd4 26. Bxd4 {Normal} 1-0

[Event "Rated Blitz game"]
[Site "?"]
[Date "2021.08.01"]
[Round "?"]
[White "Bizzo"]
[Black "ZKKL"]
[Result "1-0"]
[ECO "C42"]
[WhiteElo "2474"]
[BlackElo "2449"]
[PlyCount "57"]
[EventDate "2021.??.??"]
[EventType "blitz"]
[TimeControl "180+2"]

1. e4 e5 2. Nf3 Nf6 3. Nxe5 d6 4. Nxf7 Kxf7 5. Nc3 c5 6. Bc4+ Be6 7. Bxe6+ Kxe6
8. O-O Nc6 9. f4 Be7 10. d3 Rf8 11. g4 Kf7 12. g5 Nd7 13. Be3 Kg8 14. Qg4 Qe8
15. Rf2 Bd8 16. Raf1 Ba5 17. Nd5 Ne7 18. Qe6+ Rf7 19. Qxd6 Nxd5 20. Qxd5 Kh8
21. f5 Ne5 22. Bf4 Ng4 23. Rg2 Rd8 24. Qb3 c4 25. Qxc4 Bb6+ 26. Kh1 Ne3 27.
Bxe3 Bxe3 28. Rf3 Rc7 29. Qxc7 {Normal} 1-0

[Event "Rated Blitz game"]
[Site "?"]
[Date "2021.08.01"]
[Round "?"]
[White "Bizzo"]
[Black "Drakon1976"]
[Result "1-0"]
[ECO "C42"]
[WhiteElo "2483"]
[BlackElo "2401"]
[PlyCount "135"]
[EventDate "2021.??.??"]
[EventType "blitz"]
[TimeControl "180+2"]

1. e4 e5 2. Nf3 Nf6 3. Nxe5 d6 4. Nxf7 Kxf7 5. Nc3 Be7 6. d4 Rf8 7. Bc4+ Be6 8.
Bxe6+ Kxe6 9. O-O Kf7 10. f4 Kg8 11. e5 dxe5 12. fxe5 Nd5 13. Rxf8+ Bxf8 14.
Ne4 Nc6 15. c3 b5 16. Qg4 Qc8 17. Qg3 Qf5 18. Qd3 Nce7 19. Bd2 a6 20. Rf1 Qg6
21. Rf3 Qh5 22. b3 c6 23. c4 bxc4 24. bxc4 Nc7 25. h3 Ng6 26. Ng3 Qh4 27. Nf5
Qd8 28. Qe4 Qd7 29. Qg4 Rd8 30. h4 Ne6 31. h5 Nxd4 32. Nxd4 Qxd4+ 33. Qxd4 Rxd4
34. Bc3 Rd1+ 35. Kf2 Ne7 36. e6 Rc1 37. h6 g6 38. Ke2 Nf5 39. g4 Nxh6 40. Re3
Be7 41. Kd2 Rg1 42. Rd3 Rxg4 43. Rd7 Kf8 44. Ra7 Ke8 45. Ra8+ Bd8 46. Bf6 Rd4+
47. Bxd4 Ke7 48. Bc5+ Kxe6 49. Rxd8 Nf5 50. Re8+ Kf7 51. Ra8 h5 52. Rxa6 g5 53.
Ra3 g4 54. Ke2 h4 55. Kf2 Ke6 56. Rd3 Ke5 57. a4 Ke4 58. Rd8 h3 59. Rg8 h2 60.
Kg2 g3 61. a5 Kd3 62. a6 Kxc4 63. a7 Kxc5 64. a8=Q Ne3+ 65. Kh1 Nd1 66. Qa7+
Kd6 67. Rxg3 Nf2+ 68. Qxf2 {Normal} 1-0

[Event "Rated Blitz tournament 6uG7T5Vh"]
[Site "?"]
[Date "2021.08.01"]
[Round "?"]
[White "josefghng"]
[Black "HelloIamMarc"]
[Result "1-0"]
[ECO "C42"]
[WhiteElo "2465"]
[BlackElo "2309"]
[PlyCount "51"]
[EventDate "2021.??.??"]
[EventType "blitz"]
[TimeControl "180"]

1. e4 e5 2. Nf3 Nf6 3. Nxe5 d6 4. Nxf7 Kxf7 5. Bc4+ Be6 6. Bxe6+ Kxe6 7. O-O c5
8. c3 Nc6 9. d4 cxd4 10. cxd4 Kd7 11. Nc3 Be7 12. e5 Ne8 13. e6+ Kc8 14. d5 Ne5
15. Be3 Qa5 16. Rc1 Kd8 17. Qb3 b6 18. Rfd1 Rc8 19. Nb5 Nc7 20. Nxc7 Rxc7 21.
h3 Rf8 22. f4 Ng6 23. Rxc7 Kxc7 24. Qc4+ Kb8 25. Rc1 Qa6 26. Qxa6 {Normal} 1-0

[Event "Rated Blitz game"]
[Site "?"]
[Date "2021.08.01"]
[Round "?"]
[White "Xanax_2mg"]
[Black "F96485"]
[Result "0-1"]
[ECO "C42"]
[WhiteElo "2414"]
[BlackElo "2383"]
[PlyCount "54"]
[EventDate "2021.??.??"]
[EventType "blitz"]
[TimeControl "180"]

1. e4 e5 2. Nf3 Nf6 3. Nxe5 d6 4. Nxf7 Kxf7 5. Bc4+ d5 6. exd5 Bd6 7. O-O Rf8
8. d4 Kg8 9. Bg5 Nbd7 10. Bb3 b5 11. a4 b4 12. c4 bxc3 13. bxc3 Qe8 14. c4 Qg6
15. Bh4 Ng4 16. Bg3 Ndf6 17. c5 Bxg3 18. fxg3 Qh6 19. h3 Qe3+ 20. Kh1 Nf2+ 21.
Rxf2 Qxf2 22. Nd2 Nh5 23. Qxh5 Qxd2 24. d6+ Kh8 25. Ra2 Qe3 26. Bc2 Rf1+ 27.
Kh2 Qg1# {Normal} 0-1

[Event "Rated Blitz game"]
[Site "?"]
[Date "2021.07.30"]
[Round "?"]
[White "deefour"]
[Black "al41ex"]
[Result "1/2-1/2"]
[ECO "C42"]
[WhiteElo "2369"]
[BlackElo "2476"]
[PlyCount "39"]
[EventDate "2021.??.??"]
[EventType "blitz"]
[TimeControl "180+2"]

1. e4 e5 2. Nf3 Nf6 3. Nxe5 d6 4. Nxf7 Kxf7 5. d4 c5 6. Bc4+ Be6 7. Bxe6+ Kxe6
8. dxc5 d5 9. e5 Kxe5 10. Qe2+ Kf5 11. O-O Kg6 12. Nd2 Nc6 13. Nf3 Bxc5 14. Qe6
h6 15. Nh4+ Kh7 16. Qf5+ Kg8 17. Qe6+ Kh7 18. Qf5+ Kg8 19. Qe6+ Kh7 20. Qf5+ {
Normal} 1/2-1/2

[Event "Rated Blitz game"]
[Site "?"]
[Date "2021.07.30"]
[Round "?"]
[White "hagr135"]
[Black "abighiffari"]
[Result "0-1"]
[ECO "C42"]
[WhiteElo "2347"]
[BlackElo "2516"]
[PlyCount "88"]
[EventDate "2021.??.??"]
[EventType "blitz"]
[TimeControl "180"]

1. e4 e5 2. Nf3 Nf6 3. Nxe5 d6 4. Nxf7 Kxf7 5. d4 c5 6. dxc5 Nc6 7. Bc4+ Be6 8.
Bxe6+ Kxe6 9. cxd6 Bxd6 10. O-O Re8 11. Nc3 Kf7 12. Bg5 Kg8 13. Kh1 Be5 14. Nd5
h6 15. Bxf6 Bxf6 16. f3 Rc8 17. c3 Ne5 18. Qb3 Kh8 19. Rad1 Nc4 20. Qxb7 Rb8
21. Qxa7 Rxb2 22. Qf7 Rf8 23. Nxf6 Qc8 24. Qd7 gxf6 25. Qxc8 Rxc8 26. Rd7 Ne3
27. Rg1 Rxa2 28. h3 Rxc3 29. Rb1 Rc8 30. Rbb7 Rxg2 31. Rbc7 Rxc7 32. Rxc7 Rf2
33. e5 fxe5 34. Re7 Rxf3 35. Rxe5 Rxh3+ 36. Kg1 Rg3+ 37. Kf2 Rh3 38. Re7 Ng4+
39. Kg2 Ra3 40. Rd7 Nf6 41. Rc7 Ra5 42. Kh2 Rg5 43. Kh3 Rg7 44. Rb7 Rxb7 {
Time forfeit} 0-1

[Event "Rated Blitz game"]
[Site "?"]
[Date "2021.07.30"]
[Round "?"]
[White "thoroughlychecked"]
[Black "uriberto"]
[Result "1-0"]
[ECO "C42"]
[WhiteElo "2486"]
[BlackElo "2514"]
[PlyCount "63"]
[EventDate "2021.??.??"]
[EventType "blitz"]
[TimeControl "300"]

1. e4 e5 2. Nf3 Nf6 3. Nxe5 d6 4. Nxf7 Kxf7 5. Nc3 c6 6. Bc4+ d5 7. exd5 cxd5
8. Nxd5 Be6 9. Nxf6 Qxf6 10. d3 Bxc4 11. dxc4 Nc6 12. Qd5+ Qe6+ 13. Be3 Rd8 14.
Qb5 Nd4 15. Qa4 Nf5 16. O-O Nxe3 17. fxe3+ Kg8 18. Qxa7 b6 19. Rf3 Bc5 20. Kh1
h6 21. Raf1 Kh7 22. Rf7 Rhg8 23. Qc7 Qxc4 24. c3 Qe4 25. b4 Bxe3 26. Re7 Qd3
27. Ref7 Rc8 28. Qe5 Rxc3 29. h3 Bd4 30. Qf4 Bf6 31. Kh2 Rc2 32. Qxf6 {Time
forfeit} 1-0